PL
BOSTON PATRIOTS @ ATHLETIC CLUB KC
07/20/2024
 
TOP OF THE 1ST
Boston Patriots batting - Pitching for Athletic Club KC : RHP Pedro Ramírez
Pitching: RHP Pedro Ramírez
Batting: LHB Bill Chambers 0-0: Foul Ball, location: 2F
0-1: Ball
1-1: Foul Ball, location: 2F
1-2: Strikes out swinging
Batting: RHB Tamasaburo Kato 0-0: Ball
1-0: Called Strike
1-1: Ground out 6-3 (Groundball, 6)
Batting: RHB Terry Armstrong 0-0: Called Strike
0-1: Ball
1-1: Called Strike
1-2: Ball
2-2: Ball
3-2: Foul Ball, location: 2F
3-2: Foul Ball, location: 2F
3-2: Foul Ball, location: 2F
3-2: Base on Balls
Batting: RHB Karl Schultz 0-0: Foul Ball, location: 2F
0-1: Called Strike
0-2: Ball
1-2: Ball
2-2: Foul Ball, location: 2F
2-2: Strikes out swinging
Top of the 1st over - 0 run(s), 0 hit(s), 0 error(s), 1 left on base; Boston 0 - Athletic Club KC 0
BOTTOM OF THE 1ST
Athletic Club KC batting - Pitching for Boston Patriots : RHP Earnest Casey
Pitching: RHP Earnest Casey
Batting: LHB Thatcher Douglas 0-0: Ball
1-0: Ground out 1-3 (Groundball, 13S)
Batting: SHB David Henderson 0-0: Ground out 2-3 (Groundball, 2R)
Batting: RHB David Edwards 0-0: Swinging Strike
0-1: Ball
1-1: Called Strike
1-2: SINGLE (Line Drive, 56D)
Batting: RHB John Downing Pickoff Throw to First - Error! E1
David Edwards to second
0-0: Foul Ball, location: 2F
0-1: Fly out, F8 (Flyball, 8RXD)
Bottom of the 1st over - 0 run(s), 1 hit(s), 1 error(s), 1 left on base; Boston 0 - Athletic Club KC 0
TOP OF THE 2ND
Boston Patriots batting - Pitching for Athletic Club KC : RHP Pedro Ramírez
Batting: RHB John MacGregor 0-0: Ball
1-0: Called Strike
1-1: Ball
2-1: Foul Ball, location: 2F
2-2: Strikes out swinging
Batting: LHB Pancho García 0-0: Swinging Strike
0-1: Foul Ball, location: 2F
0-2: Ball
1-2: Strikes out looking
Batting: LHB Markus Richardson 0-0: Swinging Strike
0-1: Foul Ball, location: 2F
0-2: SINGLE (Groundball, 56D)
Batting: LHB Emery Miller 0-0: Called Strike
Markus Richardson is caught stealing 2nd base
Top of the 2nd over - 0 run(s), 1 hit(s), 0 error(s), 0 left on base; Boston 0 - Athletic Club KC 0
BOTTOM OF THE 2ND
Athletic Club KC batting - Pitching for Boston Patriots : RHP Earnest Casey
Batting: RHB Ramón Souza 0-0: Ball
1-0: Called Strike
1-1: Fly out, F7 (Flyball, 8LS)
Batting: LHB Kelly Brown 0-0: Foul Ball, location: 2F
0-1: Ground out 4-3 (Groundball, 4M)
Batting: SHB Pedro Vázquez 0-0: Fly out, F8 (Flyball, 8LM)
Bottom of the 2nd over - 0 run(s), 0 hit(s), 0 error(s), 0 left on base; Boston 0 - Athletic Club KC 0
TOP OF THE 3RD
Boston Patriots batting - Pitching for Athletic Club KC : RHP Pedro Ramírez
Batting: LHB Emery Miller 0-0: Ball
1-0: Ball
2-0: Ball
3-0: Called Strike
3-1: Called Strike
3-2: SOLO HOME RUN (Flyball, 8LXD), Distance : 441 ft
Batting: RHB Gabriel Maldonado 0-0: Ball
1-0: Ball
2-0: Called Strike
2-1: Foul Ball, location: 2F
2-2: Foul Ball, location: 2F
2-2: Ground out 5-3 (Groundball, 56S)
Batting: LHB Bill Chambers 0-0: SINGLE (Line Drive, 6D)
Batting: RHB Tamasaburo Kato 0-0: Grounds into double play, 4-6-3 (Groundball, 4)
Top of the 3rd over - 1 run(s), 2 hit(s), 0 error(s), 0 left on base; Boston 1 - Athletic Club KC 0
BOTTOM OF THE 3RD
Athletic Club KC batting - Pitching for Boston Patriots : RHP Earnest Casey
Batting: RHB Jason Dunn 0-0: Ball
1-0: Called Strike
1-1: Swinging Strike
1-2: Foul Ball, location: 2F
1-2: Ball
2-2: Foul Ball, location: 2F
2-2: Ball
3-2: Ground out 1-3 (Groundball, 15)
Batting: RHB Michael Walker 0-0: Fly out, F8 (Flyball, 8LM)
Batting: LHB Thatcher Douglas 0-0: Called Strike
0-1: SINGLE (Line Drive, 9S)
Batting: SHB David Henderson 0-0: Ball
1-0: Called Strike
1-1: Ground out 4-3 (Groundball, 4)
Bottom of the 3rd over - 0 run(s), 1 hit(s), 0 error(s), 1 left on base; Boston 1 - Athletic Club KC 0
TOP OF THE 4TH
Boston Patriots batting - Pitching for Athletic Club KC : RHP Pedro Ramírez
Batting: RHB Terry Armstrong 0-0: Ball
1-0: Foul Ball, location: 2F
1-1: Swinging Strike
1-2: Ball
2-2: Foul Ball, location: 2F
2-2: Foul Ball, location: 2F
2-2: Ball
3-2: Foul Ball, location: 2F
3-2: DOUBLE (Line Drive, 8LXD)
Batting: RHB Karl Schultz 0-0: Called Strike
0-1: Ball
1-1: Called Strike
1-2: Ball
2-2: Ball
3-2: Strikes out swinging
Batting: RHB John MacGregor 0-0: Foul Ball, location: 2F
0-1: SINGLE (Flyball, 6MD)
Terry Armstrong to third
Batting: LHB Pancho García 0-0: Ball
1-0: Called Strike
1-1: Foul Ball, location: 2F
1-2: Ball
2-2: Strikes out swinging
Batting: LHB Markus Richardson 0-0: Ball
1-0: Ball
2-0: Fly out, F7 (Flyball, 78M)
Top of the 4th over - 0 run(s), 2 hit(s), 0 error(s), 2 left on base; Boston 1 - Athletic Club KC 0
BOTTOM OF THE 4TH
Athletic Club KC batting - Pitching for Boston Patriots : RHP Earnest Casey
Batting: RHB David Edwards 0-0: Called Strike
0-1: Called Strike
0-2: Ball
1-2: Ball
2-2: Foul Ball, location: 2F
2-2: Foul Ball, location: 2F
2-2: Ball
3-2: Strikes out swinging
Batting: RHB John Downing 0-0: Ball
1-0: Ball
2-0: Fly out, F7 (Flyball, 78M)
Batting: RHB Ramón Souza 0-0: Ball
1-0: Foul Ball, location: 2F
1-1: Foul Ball, location: 2F
1-2: Ball
2-2: Foul Ball, location: 2F
2-2: DOUBLE (Line Drive, 5D)
Batting: LHB Kelly Brown 0-0: Ball
1-0: Ball
2-0: Ground out 2-3 (Groundball, 2L)
Bottom of the 4th over - 0 run(s), 1 hit(s), 0 error(s), 1 left on base; Boston 1 - Athletic Club KC 0
TOP OF THE 5TH
Boston Patriots batting - Pitching for Athletic Club KC : RHP Pedro Ramírez
Batting: LHB Emery Miller 0-0: Ball
1-0: Ball
2-0: Called Strike
2-1: Swinging Strike
2-2: SOLO HOME RUN (Line Drive, 7LD), Distance : 371 ft
Batting: RHB Gabriel Maldonado 0-0: Ball
1-0: Ball
2-0: Called Strike
2-1: SOLO HOME RUN (Flyball, 8LXD), Distance : 440 ft
Batting: LHB Bill Chambers 0-0: Fly out, F7 (Flyball, 78D)
Batting: RHB Tamasaburo Kato 0-0: Called Strike
0-1: Ball
1-1: Foul Ball, location: 2F
1-2: Fly out, F9 (Flyball, 9D)
Batting: RHB Terry Armstrong 0-0: Ball
1-0: Foul Ball, location: 2F
1-1: Called Strike
1-2: SINGLE (Line Drive, 56)
Batting: RHB Karl Schultz 0-0: Ball
1-0: Ball
2-0: Called Strike
2-1: Ball
3-1: Called Strike
3-2: Base on Balls
Terry Armstrong to second
Batting: RHB John MacGregor 0-0: Called Strike
0-1: Swinging Strike
0-2: Ball
1-2: SINGLE (Groundball, 56D)
Terry Armstrong to third
Karl Schultz to second
Runner from 3rd tries for Home, SAFE, throw made at trailing runner, OUT at third!
Top of the 5th over - 3 run(s), 4 hit(s), 0 error(s), 1 left on base; Boston 4 - Athletic Club KC 0
BOTTOM OF THE 5TH
Athletic Club KC batting - Pitching for Boston Patriots : RHP Earnest Casey
Batting: SHB Pedro Vázquez 0-0: Ball
1-0: Ball
2-0: Swinging Strike
2-1: Fly out, F8 (Flyball, 8LD)
Batting: RHB Jason Dunn 0-0: Ball
1-0: SINGLE (Groundball, 4M)
Batting: RHB Michael Walker 0-0: Ball
1-0: Called Strike
Jason Dunn steals 2nd base
1-1: Ball
2-1: Ball
3-1: Swinging Strike
3-2: Fly out, F8 (Flyball, 8LM)
Batting: LHB Thatcher Douglas 0-0: Ball
1-0: Swinging Strike
1-1: Swinging Strike
1-2: Ball
2-2: Foul Ball, location: 2F
2-2: Strikes out looking
Bottom of the 5th over - 0 run(s), 1 hit(s), 0 error(s), 1 left on base; Boston 4 - Athletic Club KC 0
TOP OF THE 6TH
Boston Patriots batting - Pitching for Athletic Club KC : RHP Pedro Ramírez
Batting: LHB Pancho García 0-0: Called Strike
0-1: Fly out, F7 (Popup, 8LS)
Batting: LHB Markus Richardson 0-0: Swinging Strike
0-1: Foul Ball, location: 2F
0-2: Ball
1-2: Strikes out looking
Batting: LHB Emery Miller 0-0: Ball
1-0: Ball
2-0: Ball
3-0: Base on Balls
Pitching: LHP Emílio Raias
Batting: RHB Gabriel Maldonado 0-0: Called Strike
0-1: Ball
1-1: Called Strike
1-2: Ball
2-2: Ball
3-2: Strikes out swinging
Top of the 6th over - 0 run(s), 0 hit(s), 0 error(s), 1 left on base; Boston 4 - Athletic Club KC 0
BOTTOM OF THE 6TH
Athletic Club KC batting - Pitching for Boston Patriots : RHP Earnest Casey
Batting: SHB David Henderson 0-0: Foul Ball, location: 2F
0-1: Ball
1-1: Ball
2-1: Called Strike
2-2: SOLO HOME RUN (Flyball, 89XD), Distance : 424 ft
Batting: RHB David Edwards 0-0: Ground out 5-3 (Groundball, 5)
Batting: RHB John Downing 0-0: Ball
1-0: Fly out, F8 (Flyball, 8LD)
Batting: RHB Ramón Souza 0-0: Called Strike
0-1: Ball
1-1: Foul Ball, location: 2F
1-2: DOUBLE (Line Drive, 7LM)
Batting: LHB Kelly Brown 0-0: Swinging Strike
0-1: Foul Ball, location: 2F
0-2: Ball
1-2: Hit by Pitch
Pitching: RHP Kyung-un Yi
Batting: SHB Pedro Vázquez 0-0: Called Strike
0-1: Ground out 1-3 (Groundball, 15)
Bottom of the 6th over - 1 run(s), 2 hit(s), 0 error(s), 2 left on base; Boston 4 - Athletic Club KC 1
TOP OF THE 7TH
Boston Patriots batting - Pitching for Athletic Club KC : LHP Emílio Raias
Batting: LHB Bill Chambers 0-0: Ball
1-0: Called Strike
1-1: Foul Ball, location: 2F
1-2: Strikes out looking
Batting: RHB Tamasaburo Kato 0-0: Ball
1-0: Ball
2-0: Ground out U3 (Groundball, 3S)
Batting: RHB Terry Armstrong 0-0: Ball
1-0: Ball
2-0: SINGLE (Groundball, 6MD)
Batting: RHB Karl Schultz 0-0: Swinging Strike
0-1: Ball
1-1: Ball
2-1: Called Strike
2-2: Ball
3-2: SINGLE (Groundball, 6MD)
Terry Armstrong to second
Terry Armstrong to third
Batting: RHB John MacGregor 0-0: Ball
1-0: Foul Ball, location: 2F
1-1: Ball
2-1: Ball
3-1: Swinging Strike
3-2: Base on Balls
Karl Schultz to second
Batting: LHB Pancho García 0-0: Ball
1-0: Ball
2-0: Ball
3-0: Called Strike
3-1: Foul Ball, location: 2F
3-2: SINGLE (Line Drive, 7S)
Terry Armstrong scores
Karl Schultz to third
John MacGregor to second
Karl Schultz scores
John MacGregor to third
Batting: LHB Markus Richardson 0-0: Ball
Wild Pitch!
John MacGregor scores
Pancho García to second
1-0: Foul Ball, location: 2F
1-1: Ball
2-1: Ground out 6-3 (Groundball, 6)
Top of the 7th over - 3 run(s), 3 hit(s), 0 error(s), 1 left on base; Boston 7 - Athletic Club KC 1
BOTTOM OF THE 7TH
Athletic Club KC batting - Pitching for Boston Patriots : RHP Kyung-un Yi
Batting: RHB Jason Dunn 0-0: Ball
1-0: Swinging Strike
1-1: Ball
2-1: DOUBLE (Line Drive, 89M)
Batting: RHB Michael Walker 0-0: Called Strike
0-1: SINGLE (Line Drive, 8RS)
Jason Dunn to third
Batting: LHB Thatcher Douglas 0-0: Foul Ball, location: 2F
0-1: Ball
1-1: Called Strike
Michael Walker steals 2nd base
1-2: Ball
2-2: Strikes out swinging
Batting: SHB David Henderson 0-0: Ball
1-0: Fly out, F8 (Popup, 8RS)
Batting: RHB David Edwards 0-0: Ball
1-0: Ball
2-0: Called Strike
2-1: Foul Ball, location: 2F
2-2: Strikes out looking
Bottom of the 7th over - 0 run(s), 2 hit(s), 0 error(s), 2 left on base; Boston 7 - Athletic Club KC 1
TOP OF THE 8TH
Boston Patriots batting - Pitching for Athletic Club KC : LHP Emílio Raias
Pitching: LHP Michael Rondeau
Batting: LHB Emery Miller 0-0: Ball
1-0: Called Strike
1-1: Called Strike
1-2: Strikes out swinging
Batting: RHB Gabriel Maldonado 0-0: Called Strike
0-1: Foul Ball, location: 2F
0-2: Ball
1-2: SOLO HOME RUN (Flyball, 78XD), Distance : 432 ft
Batting: LHB Bill Chambers 0-0: Hit by Pitch
Batting: RHB Tamasaburo Kato 0-0: Foul Ball, location: 2F
0-1: Ball
1-1: Foul Ball, location: 2F
1-2: Ball
2-2: Foul Ball, location: 2F
2-2: Strikes out swinging
Batting: RHB Terry Armstrong 0-0: Ball
1-0: Ground out 6-3 (Groundball, 6)
Top of the 8th over - 1 run(s), 1 hit(s), 0 error(s), 1 left on base; Boston 8 - Athletic Club KC 1
BOTTOM OF THE 8TH
Athletic Club KC batting - Pitching for Boston Patriots : RHP Kyung-un Yi
Batting: RHB John Downing 0-0: Called Strike
0-1: Ball
1-1: Ball
2-1: Foul Ball, location: 2F
2-2: Foul Ball, location: 2F
2-2: Ball
3-2: Strikes out looking
Pitching: LHP John Coleman
Batting: RHB Ramón Souza 0-0: Ball
1-0: Called Strike
1-1: DOUBLE (Flyball, 7LD)
Batting: LHB Kelly Brown 0-0: Ball
1-0: Foul Ball, location: 2F
1-1: Called Strike
1-2: Strikes out looking
Batting: SHB Pedro Vázquez 0-0: Called Strike
0-1: Ball
1-1: Foul Ball, location: 2F
1-2: Ball
2-2: Strikes out looking
Bottom of the 8th over - 0 run(s), 1 hit(s), 0 error(s), 1 left on base; Boston 8 - Athletic Club KC 1
TOP OF THE 9TH
Boston Patriots batting - Pitching for Athletic Club KC : LHP Michael Rondeau
Batting: RHB Karl Schultz 0-0: Ball
1-0: Ball
2-0: Ball
3-0: Called Strike
3-1: Called Strike
3-2: Foul Ball, location: 2F
3-2: SOLO HOME RUN (Flyball, 89XD), Distance : 434 ft
Batting: RHB John MacGregor 0-0: Called Strike
0-1: Called Strike
0-2: Foul Ball, location: 2F
0-2: Strikes out looking
Batting: LHB Pancho García 0-0: Ball
1-0: Swinging Strike
1-1: Ball
2-1: Foul Ball, location: 2F
2-2: Strikes out looking
Batting: LHB Markus Richardson 0-0: Ball
1-0: Called Strike
1-1: Foul Ball, location: 2F
1-2: Ground out 5-3 (Groundball, 56)
Top of the 9th over - 1 run(s), 1 hit(s), 0 error(s), 0 left on base; Boston 9 - Athletic Club KC 1
BOTTOM OF THE 9TH
Athletic Club KC batting - Pitching for Boston Patriots : LHP John Coleman
Batting: RHB Jason Dunn 0-0: Ball
1-0: Foul Ball, location: 2F
1-1: Ball
2-1: Swinging Strike
2-2: Foul Ball, location: 2F
2-2: Foul Ball, location: 2F
2-2: Foul Ball, location: 2F
2-2: Ball
3-2: Base on Balls
Batting: RHB Michael Walker 0-0: Ball
1-0: Foul Ball, location: 2F
1-1: Ball
2-1: Fly out, F7 (Flyball, 7M)
Pitching: RHP Marcos López
Batting: LHB Thatcher Douglas 0-0: Ball
1-0: Swinging Strike
1-1: Foul Ball, location: 2F
1-2: Strikes out swinging
Batting: SHB David Henderson 0-0: Called Strike
0-1: SINGLE (Flyball, 8LS)
Jason Dunn to second
Batting: RHB David Edwards 0-0: Foul Ball, location: 2F
0-1: Ball
1-1: Ball
2-1: Foul Ball, location: 2F
2-2: Fly out, F4 (Line Drive, 4)
Bottom of the 9th over - 0 run(s), 1 hit(s), 0 error(s), 2 left on base; Boston 9 - Athletic Club KC 1
This league is powered by Out of the Park Baseball, the baseball management simulation game for PC, Mac and Linux
Monday, October 3rd, 2016 - OOTP Baseball 16.9 Build 39